 Dungeon Crawl Stone Soup version 0.17-a0-2122-g03d97ec (webtiles) character file.

159 SlimeFever the Sneak (level 5, -2/36 HPs)
             Began as a Vampire Enchanter on Oct 21, 2015.
             Killed from afar by an orc wizard (10 damage)
             ... with a magic dart
             ... on level 3 of the Dungeon.
             The game lasted 00:19:43 (1858 turns).

SlimeFever the Sneak (Vampire Enchanter)            Turns: 1858, Time: 00:19:44

Health: -2/36      AC:  0    Str:  2    XL:     5   Next: 17%
Magic:  7/9        EV: 21    Int: 19    God:
Gold:   132        SH:  0    Dex: 19    Spells: 3 memorised, 3 levels left

rFire  . . .     SeeInvis +     (weapon currently unavailable)
rCold  . . .     Clarity  .     (armour currently unavailable)
rNeg   + . .     SustAt   .     (shield currently unavailable)
rPois  .         Gourm    .     (helmet currently unavailable)
rElec  .         Spirit   .     (cloak currently unavailable)
rCorr  .         Warding  .     (gloves currently unavailable)
rMut   .         Stasis   .     (boots currently unavailable)
MR     .....                    (no amulet)
Stlth  ++++......               (ring currently unavailable)
                                (ring currently unavailable)

@: bat-form, flying, slowed, quick, not resistant to hostile enchantments,
stealthy
A: (fangs 0), see invisible, (unbreathing)
a: End Transformation


You were on level 3 of the Dungeon.
You were not thirsty.
You were in vampire-bat-form.
You visited 1 branch of the dungeon, and saw 3 of its levels.

You collected 132 gold pieces.

Inventory:

Hand Weapons
 a - a +1 dagger (melded)
 e - a +0 short sword
Missiles
 f - 13 bolts of frost
 g - 27 arrows of frost
 n - 26 bolts
 q - 14 arrows
 v - 13 sling bullets
Armour
 m - a +1 leather armour (melded)
 o - a +0 cloak (melded)
Jewellery
 k - a ring of magical power (melded)
 w - a ring of protection from fire (melded)
Scrolls
 b - a scroll of recharging {unknown}
 i - 2 scrolls of identify
 p - a scroll of amnesia {unknown}
 s - a scroll of noise {unknown}
 t - a scroll of remove curse {unknown}
 u - a scroll of teleportation {unknown}
Potions
 d - a potion of blood
 h - a potion of cancellation {unknown}
 j - 2 potions of curing
 l - a potion of might {unknown}
 r - a potion of haste {unknown}
Books
 c - a book of Maledictions

   Spells                             Type                      Level
   a - Corona                         Hexes                        1
   b - Ensorcelled Hibernation        Hexes/Ice                    2
   c - Confuse                        Hexes                        3
   d - Tukima's Dance                 Hexes                        3
   e - Dazzling Spray                 Conjuration/Hexes            3


   Skills:
 + Level 0.6 Fighting
 * Level 2.0 Short Blades
 * Level 1.0 Armour
 + Level 2.6 Dodging
 + Level 5.6 Stealth
 + Level 2.8 Spellcasting
 + Level 5.5 Hexes
 + Level 0.6 Ice Magic


You had 3 spell levels left.
You knew the following spells:

 Your Spells              Type           Power        Failure   Level  Hunger
a - Corona                Hex            ###....      1%          1    None
b - Ensorcelled Hibernat  Hex/Ice        ##....       10%         2    ##.....
c - Tukima's Dance        Hex            ###.....     6%          3    ###....


Dungeon Overview and Level Annotations

Branches:
Dungeon (3/15)

Altars:
Kikubaaqudgha
Nemelex Xobeh


Innate Abilities, Weirdness & Mutations

((You have razor-sharp teeth.))
You have supernaturally acute eyesight.
((You can survive without breathing.))


Message History

The orc wizard blinks!
The orc wizard gestures at you while chanting.
The magic dart hits you!
* * * LOW HITPOINT WARNING * * *
Casting: Corona
Confirm with . or Enter, or press ? or * to list all spells.
Okay, then.
Use which ability?
You turn into a vampire bat.
Your +1 dagger melds into your body.
Your +0 cloak melds into your body.
Your +1 leather armour melds into your body.
Your ring of magical power melds into your body.
Your ring of protection from fire melds into your body.
You feel your magic capacity decrease.
Items here: )) ? † a club x2 a scroll labeled SIBASOMUCK; an orc corpse The orc wizard gestures at you while chanting.
The magic dart hits you!
You die...

### ..# #.# #.#
#.############
..#.##b##)........###
#........o.###.......#
#.......#### #..##.#.#
.....#### #..##.#.#
..... #..#..#.# ....
#.>#.##.# ...
#.......# ...
#.......# ##.#.##.#


You could see an orc wizard.

Vanquished Creatures
  Crazy Yiuf (D:2)
  Natasha (thrice) (D:2)
  3 gnolls (D:3)
  2 adders (D:2)
  A worm (D:2)
  A giant gecko (D:2)
  2 orcs (D:3)
  A ball python (D:1)
  6 bats
  A giant cockroach (D:2)
  7 goblins
  2 hobgoblins (D:2)
  3 jackals (D:1)
  9 kobolds
  3 giant newts (D:2)
  4 rats
49 creatures vanquished.

Vanquished Creatures (collateral kills)
  2 orcs (D:3)
2 creatures vanquished.

Grand Total: 51 creatures vanquished

Notes
Turn   | Place    | Note
--------------------------------------------------------------
     0 | D:1      | SlimeFever the Vampire Enchanter began the quest for the Orb.
     0 | D:1      | Reached XP level 1. HP: 13/13 MP: 3/3
   321 | D:1      | Reached XP level 2. HP: 19/19 MP: 3/5
   513 | D:1      | Learned a level 2 spell: Ensorcelled Hibernation
   788 | D:2      | Found a sparkling altar of Nemelex Xobeh.
   814 | D:2      | Reached XP level 3. HP: 22/25 MP: 6/6
   880 | D:2      | Found an ancient bone altar of Kikubaaqudgha.
   892 | D:2      | Noticed Natasha
   904 | D:2      | Killed Natasha
   904 | D:2      | Reached skill level 5 in Hexes
   975 | D:2      | Noticed Natasha
   985 | D:2      | Killed Natasha
   985 | D:2      | Reached XP level 4. HP: 21/31 MP: 7/7
  1210 | D:2      | Reached skill level 5 in Stealth
  1349 | D:2      | Noticed Natasha
  1353 | D:2      | Killed Natasha
  1567 | D:2      | Noticed Crazy Yiuf
  1573 | D:2      | Killed Crazy Yiuf
  1573 | D:2      | Reached skill level 1 in Armour
  1612 | D:2      | Learned a level 3 spell: Tukima's Dance
  1723 | D:3      | Reached XP level 5. HP: 36/36 MP: 9/9
  1858 | D:3      | Killed from afar by an orc wizard

Vault maps used:
D:1:      saegor_arrival_simple_a, kennysheep_pointless_box, minmay_crystal_room
D:2:      old_standard_altar, lemuel_crystal_altar, uniq_crazy_yiuf_cottage,
          uniq_natasha
D:3:      grunt_temple_overflow_holy_war

Action                   |  1- 3 |  4- 6 || total
-------------------------+-------+-------++-------
Melee: Dagger            |    81 |    77 ||   158
 Cast: Corona            |    14 |     8 ||    22
       Ensorcelled Hiber |    13 |     2 ||    15
       Tukima's Dance    |       |     3 ||     3
 Abil: Bat Form          |       |     1 ||     1
  Use: Scroll            |     6 |       ||     6
       Potion            |       |     1 ||     1
 Stab: Sleeping          |     9 |     8 ||    17
  Eat: Corpse            |     4 |     1 ||     5
